 Dungeon Crawl Stone Soup version 0.28-b1-1-g3c77fb2ed1 (webtiles) character file.

Game seed: 15404528457548090370

91 AntonIG04 the Skirmisher (level 4, -4/41 HPs)
             Began as a Minotaur Berserker on Jan 28, 2022.
             Was a Believer of Trog.
             Killed from afar by an electric eel (8 damage)
             ... with a bolt of electricity
             ... on level 3 of the Dungeon.
             The game lasted 00:04:21 (3933 turns).

AntonIG04 the Skirmisher (Minotaur Berserker)       Turns: 3933, Time: 00:04:22

Health: -4/41      AC:  9    Str: 21    XL:     4   Next: 33%
Magic:  3/3        EV:  8    Int:  4    God:    Trog [**....]
Gold:   157        SH:  0    Dex: 12    Spells: 3/3 levels left

rFire   . . .      SeeInvis +   b - +0 dagger (venom)
rCold   . . .      Faith    .   (no shield)
rNeg    . . .      Spirit   .   n - +0 chain mail
rPois   .          Reflect  .   (helmet restricted)
rElec   .          Harm     .   i - scarf {+Inv}
rCorr   .          Rampage  .   (no gloves)
Will    ++...                   (no boots)
Stlth   ..........              (no amulet)
HPRegen 1.13/turn               m - ring of see invisible
MPRegen 0.08/turn               (no ring)

@: strong-willed, on berserk cooldown, regenerating, slowed, very slow
A: horns 2, retaliatory headbutt
a: Renounce Religion, Evoke Invisibility, Berserk, Trog's Hand


You were on level 3 of the Dungeon.
You worshipped Trog.
Trog was pleased with you.
You visited 1 branch of the dungeon, and saw 3 of its levels.

You collected 157 gold pieces.

Inventory:

Hand Weapons
 a - a +0 falchion
 b - a +0 dagger of venom (weapon)
Armour
 i - a scarf of invisibility (worn)
 n - a +0 chain mail (worn)
Jewellery
 m - a ring of see invisible (left hand)
Wands
 r - a wand of flame (14)
Scrolls
 c - a scroll of fog {unknown}
 d - 4 scrolls of identify {unknown}
 e - 2 scrolls of amnesia {unknown}
 f - 2 scrolls of fear {unknown}
 h - a scroll of blinking {unknown}
 j - a scroll of acquirement {unknown}
 k - a scroll of enchant weapon {unknown}
 l - a scroll of noise {unknown}
 o - a scroll of magic mapping {unknown}
 q - a scroll of enchant armour {unknown}
Potions
 g - a potion of cancellation {unknown}
 p - a potion of haste {unknown}


   Skills:
 * Level 4.7 Fighting
 + Level 4.3 Long Blades
 + Level 3.3 Armour
 + Level 3.0 Dodging


You had 3 spell levels left.
You didn't know any spells.
Your spell library was empty.

Dungeon Overview and Level Annotations

Branches:
Dungeon (3/15)

Altars:
Ashenzari
Okawaru
Xom

Annotations:
D:3 1 transporter


Innate Abilities, Weirdness & Mutations

You have a pair of horns on your head.
You reflexively headbutt those who attack you in melee.


Message History

You start resting.
HP restored.
You start waiting.
Done waiting.
Okay, then.
Your skin crawls.
You feel strong-willed.
A red film seems to cover your vision as you go berserk!
You feel yourself moving faster!
You feel mighty!
You feel a strong urge to attack something.
The electric eel shoots out a bolt of lightning at you!
The bolt of electricity hits you.
There is an open door here.
You feel your anger nearly subside.
You are no longer berserk.
You are exhausted.
You feel yourself slow down.
You hit the electric eel.
The electric eel is poisoned.
You headbutt the electric eel.
The electric eel is moderately wounded.
You barely miss the electric eel.
The electric eel is moderately wounded.
The electric eel shoots out a bolt of lightning at you!
The bolt of electricity hits you!
The bolt of electricity hits the electric eel.
The electric eel completely resists.
The bolt of electricity hits the electric eel.
The electric eel completely resists.
You hit the electric eel.
The electric eel looks as sick as possible!
The electric eel is heavily wounded.
You kill the electric eel!
Trog accepts your kill.
The electric eel shoots out a bolt of lightning at you!
The bolt of electricity hits you! x2
* * * LOW HITPOINT WARNING * * *
The electric eel shoots out a bolt of lightning at you!
The bolt of electricity hits you!
* * * LOW HITPOINT WARNING * * *
The bolt of electricity hits you!
You die...

.# #.#P.$.P#..# #.##.
.#########
#.###+###..######.##.
.........#
#.#≈≈≈P≈#..##........
########.#
#.#≈≈≈≈≈#..##.###.##. #.#
#.#≈P≈P≈#..##.#...... #.#
#.#≈≈♣≈≈#.)##.#.#..#. #.#
#.#≈≈≈≈≈#..##.#.#..#. #.#
#.#S...≈#..##.#.#..#. #.#
#.#≈@..S#..##.#.#..#)
########.#
#.###'###.....#.#..#.
.........#
#.#P...≈#...###.#..#.
.#########
#.#8.©.8#.....#.#..#. .#
#.#######...#.#.#..## .#
#....©....#.#.#.#.... .#
####...####...#.#.##. .#
#..## ##..#.#.##. .#
########.#######..#.#.##.


You could see 2 electric eels.

Vanquished Creatures
  An electric eel (D:3)
  An orc wizard (D:3)
  3 dart slugs
  3 orcs (D:3)
  4 ball pythons
  5 endoplasms
  3 giant cockroaches (D:1)
  5 goblins (D:1)
  2 hobgoblins
  8 kobolds
  5 quokkas
  5 bats
  3 frilled lizards
  5 rats
53 creatures vanquished.

Vanquished Creatures (others)
  A plant (D:3)
1 creature vanquished.

Grand Total: 54 creatures vanquished

Notes
Turn   | Place    | Note
-------+----------+-------------------------------------------
     0 | D:1      | AntonIG04 the Minotaur Berserker began the quest for the
                  | Orb.
     0 | D:1      | Reached XP level 1. HP: 19/19 MP: 0/0
   225 | D:1      | Reached XP level 2. HP: 21/27 MP: 1/1
   828 | D:1      | Found a faded altar of an unknown god.
  1048 | D:1      | Reached XP level 3. HP: 33/33 MP: 2/2
  2098 | D:3      | Reached ** piety under Trog
  2287 | D:3      | Found a transporter.
  2639 | D:3      | Reached XP level 4. HP: 41/41 MP: 3/3
  2722 | D:3      | Found a transporter.
  2789 | D:3      | Found an iron altar of Okawaru.
  2825 | D:3      | Found a broken altar of Ashenzari.
  3245 | D:3      | Found a shimmering altar of Xom.
  3933 | D:3      | Killed from afar by an electric eel

Illustrated notes

Levels and vault maps discovered:
D:1:      beargit_arrival_greenhouse, layout_loops_cross,
          shapermc_ecumenical_altar_flowoftime
D:2:      layout_loops_cross, hangedman_glass_teeth,
          nicolae_concentric_dashed_squares_mild, nrook_uturn
D:3:      gammafunk_steamed_eel, layout_basic, okawaru_ov_weapons_minmay,
          mainiacjoe_overflow_large_starburst

Skill      XL: |  1  2  3 |
---------------+----------+-----
Fighting       | 4 |  4.7
Long Blades    | 4 |  4.3
Armour         | 3 |  3.3
Dodging        | 3 |  3.0

Action                   |  1- 3 |  4- 6 || total
-------------------------+-------+-------++-------
Melee: Falchion          |    61 |       ||    61
       Headbutt          |     9 |     7 ||    16
       Dagger            |    36 |    33 ||    69
Invok: Berserk           |       |     1 ||     1
       Trog's Hand       |       |     1 ||     1
Armor: Animal skin       |    17 |       ||    17
       Chain mail        |    14 |    16 ||    30
Dodge: Dodged            |    58 |     8 ||    66
